General information
- name: BNet
- type: Ladder team game (AT/RT)
- host: Battle.net
- saver: 3231
map: Battleground
- players: 8
- length: 16:41
- speed: Fast
- version: 1.26 W3XP
- replay type: Public
» download(119 KB)
Players
team 1 (winner)

»
Source (
blue | 70 APM | 1168 actions | 16:40)
5 Blademaster
2 Critical Strike
3 Wind Walk
3 Shadow Hunter
1 Hex
2 Healing Wave
2 Tauren Chieftain
1 Endurance Aura
1 Shockwave
» actions
| Assign group hotkey | 22 | |
| Basic commands | 32 | |
| Build / train | 59 | |
| Enter build submenu | 16 | |
| Enter hero's abilities submenu | 11 | |
| Give item / drop item | 5 | |
| Remove unit from queue | 1 | |
| Right click | 515 | |
| Select / deselect | 261 | |
| Select group hotkey | 159 | |
| Use ability | 87 | |
1168 total
» units
| Peon | 10 | |
| Grunt | 4 | |
| Tauren | 2 | |
| Shaman | 1 | |
17 total
» upgrades
| Shaman Training | 2 | |
| Reinforced Defenses | 1 | |
3 total
» buildings
| Altar of Storms | 1 | |
| Orc Burrow | 7 | |
| Barracks | 1 | |
| Voodoo Lounge | 1 | |
| Stronghold | 1 | |
| Fortress | 2 | |
| Spirit Lodge | 1 | |
| War Mill | 1 | |
| Tauren Totem | 1 | |
16 total
» build order
00:08 Altar of Storms
00:18 Orc Burrow
00:52 Barracks
01:41 Orc Burrow
01:52 Voodoo Lounge
02:52 Stronghold
04:28 Orc Burrow
05:16 Fortress
05:16 Fortress
05:22 Spirit Lodge
06:48 War Mill
07:13 Orc Burrow
09:41 Tauren Totem
14:52 Orc Burrow
14:53 Orc Burrow
14:54 Orc Burrow
» items
| Healing Salve | 7 | |
| Scroll of Speed | 2 | |
| Lesser Clarity Potion | 4 | |
| Potion of Healing | 2 | |
| Boots of Speed | 1 | |
| Orb of Lightning | 1 | |
| Scroll of Town Portal | 1 | |
| Potion of Lesser Invulnerability | 1 | |
| Scroll of Regeneration | 1 | |
20 total

»
PlayLegitOrGTFO (
red | 30 APM | 503 actions | 16:40)
5 Blademaster
2 Wind Walk
3 Critical Strike
» actions
| Build / train | 37 | |
| Enter build submenu | 13 | |
| Enter hero's abilities submenu | 5 | |
| Remove unit from queue | 1 | |
| Right click | 231 | |
| Select / deselect | 172 | |
| Use ability | 44 | |
503 total
» units
| Peon | 10 | |
| Grunt | 3 | |
| Wind Rider | 5 | |
| Troll Batrider | 6 | |
24 total
» upgrades
| Envenomed Spears | 1 | |
| Armor | 1 | |
| Liquid Fire | 1 | |
3 total
» buildings
| Altar of Storms | 1 | |
| Orc Burrow | 7 | |
| Barracks | 1 | |
| Stronghold | 1 | |
| Fortress | 1 | |
| Beastiary | 2 | |
| War Mill | 1 | |
| Voodoo Lounge | 1 | |
15 total
» build order
00:23 Altar of Storms
00:38 Orc Burrow
00:55 Barracks
01:20 Orc Burrow
03:47 Stronghold
03:51 Orc Burrow
05:24 Orc Burrow
06:16 Fortress
06:23 Beastiary
06:26 Beastiary
06:35 War Mill
07:35 Orc Burrow
08:19 Voodoo Lounge
08:58 Orc Burrow
15:17 Orc Burrow
» items
3231 (
orange | 101 APM | 1694 actions | 16:41)
5 Blood Mage
3 Flame Strike
2 Siphon Mana
» actions
| Assign group hotkey | 27 | |
| Basic commands | 73 | |
| Build / train | 112 | |
| ESC pressed | 5 | |
| Enter build submenu | 29 | |
| Enter hero's abilities submenu | 5 | |
| Give item / drop item | 1 | |
| Right click | 877 | |
| Select / deselect | 248 | |
| Select group hotkey | 237 | |
| Use ability | 80 | |
1694 total
» units
| Peasant | 25 | |
| Footman | 11 | |
| Dragonhawk Rider | 11 | |
| Sorceress | 4 | |
51 total
» upgrades
| Defend | 1 | |
| Lumber Harvesting | 1 | |
| Backpack | 1 | |
| Swords | 2 | |
| Sorceress Training | 1 | |
| Armor | 1 | |
| Magic Sentry | 1 | |
| Animal War Training | 1 | |
| Cloud | 1 | |
| Masonry | 1 | |
11 total
» buildings
| Altar of Kings | 1 | |
| Barracks | 1 | |
| Farm | 6 | |
| Scout Tower | 10 | |
| Arcane Tower | 2 | |
| Arcane Vault | 1 | |
| Keep | 4 | |
| Lumber Mill | 1 | |
| Blacksmith | 1 | |
| Gryphon Aviary | 2 | |
| Guard Tower | 17 | |
| Arcane Sanctum | 1 | |
| Castle | 2 | |
49 total
» build order
00:03 Altar of Kings
00:07 Barracks
00:10 Farm
01:01 Farm
01:47 Farm
02:27 Scout Tower
02:51 Farm
02:54 Arcane Tower
02:55 Arcane Tower
03:25 Arcane Vault
04:11 Keep
04:11 Keep
05:18 Lumber Mill
05:23 Blacksmith
06:30 Scout Tower
06:32 Scout Tower
06:33 Scout Tower
06:48 Gryphon Aviary
06:51 Gryphon Aviary
06:56 Scout Tower
06:59 Scout Tower
07:00 Guard Tower
07:00 Guard Tower
07:02 Scout Tower
07:03 Guard Tower
07:03 Guard Tower
07:04 Guard Tower
07:04 Guard Tower
07:05 Guard Tower
07:09 Scout Tower
07:11 Scout Tower
07:15 Scout Tower
07:29 Guard Tower
07:29 Guard Tower
07:29 Guard Tower
07:31 Guard Tower
07:31 Guard Tower
08:05 Arcane Sanctum
09:29 Farm
09:30 Farm
12:03 Castle
12:03 Castle
» items
| Scroll of Regeneration | 6 | |
| Lesser Clarity Potion | 3 | |
| Boots of Speed | 1 | |
| Staff of Teleportation | 1 | |
| Potion of Invisibility | 1 | |
| Potion of Healing | 2 | |
14 total
a6a (
purple | 109 APM | 1822 actions | 16:40)
5 Archmage
3 Summon Water Elemental
2 Brilliance Aura
3 Paladin
2 Holy Light
1 Divine Shield
» actions
| Assign group hotkey | 23 | |
| Basic commands | 146 | |
| Build / train | 143 | |
| Enter build submenu | 20 | |
| Enter hero's abilities submenu | 8 | |
| Right click | 742 | |
| Select / deselect | 326 | |
| Select group hotkey | 323 | |
| Use ability | 91 | |
1822 total
» units
| Peasant | 32 | |
| Footman | 15 | |
| Mortar Team | 20 | |
| Flying Machine | 33 | |
100 total
» upgrades
| Defend | 1 | |
| Gunpowder | 2 | |
| Armor | 1 | |
| Plating | 1 | |
| Flare | 1 | |
6 total
» buildings
| Farm | 10 | |
| Altar of Kings | 1 | |
| Barracks | 1 | |
| Scout Tower | 1 | |
| Arcane Vault | 1 | |
| Arcane Tower | 3 | |
| Keep | 3 | |
| Blacksmith | 1 | |
| Workshop | 3 | |
| Lumber Mill | 1 | |
25 total
» build order
00:24 Farm
00:37 Altar of Kings
00:52 Barracks
01:00 Farm
01:37 Farm
01:57 Scout Tower
02:15 Arcane Vault
02:27 Arcane Tower
02:27 Arcane Tower
03:43 Keep
03:43 Keep
03:56 Blacksmith
04:01 Farm
04:48 Farm
05:13 Farm
06:59 Workshop
07:02 Workshop
07:06 Workshop
07:37 Farm
08:34 Lumber Mill
14:46 Farm
15:35 Farm
16:35 Farm
» items
| Scroll of Regeneration | 4 | |
| Scroll of Town Portal | 1 | |
5 total
team 2 (loser)
ExitMusic (
pink | 27 APM | 442 actions | 16:35)
4 Archmage
2 Blizzard
1 Summon Water Elemental
1 Brilliance Aura
1 Paladin
1 Holy Light
» actions
| Assign group hotkey | 14 | |
| Basic commands | 1 | |
| Build / train | 48 | |
| Enter build submenu | 14 | |
| Enter hero's abilities submenu | 5 | |
| Remove unit from queue | 1 | |
| Right click | 99 | |
| Select / deselect | 141 | |
| Select group hotkey | 76 | |
| Use ability | 43 | |
442 total
» units
» upgrades
| Masonry | 2 | |
| Lumber Harvesting | 1 | |
| Armor | 1 | |
| Swords | 2 | |
| Storm Hammers | 1 | |
7 total
» buildings
| Lumber Mill | 1 | |
| Farm | 8 | |
| Altar of Kings | 1 | |
| Scout Tower | 15 | |
| Guard Tower | 5 | |
| Keep | 1 | |
| Castle | 1 | |
| Gryphon Aviary | 3 | |
| Blacksmith | 1 | |
36 total
» build order
00:24 Lumber Mill
00:41 Farm
00:42 Farm
00:48 Altar of Kings
02:05 Scout Tower
02:06 Scout Tower
02:07 Scout Tower
02:15 Scout Tower
02:43 Guard Tower
02:47 Scout Tower
02:48 Scout Tower
02:48 Scout Tower
03:19 Guard Tower
03:43 Scout Tower
03:44 Scout Tower
03:44 Scout Tower
03:57 Keep
04:31 Guard Tower
04:33 Scout Tower
04:34 Scout Tower
04:35 Scout Tower
05:19 Scout Tower
05:22 Scout Tower
05:33 Guard Tower
06:04 Guard Tower
06:07 Farm
06:09 Farm
06:11 Farm
06:12 Farm
06:15 Farm
06:19 Castle
06:26 Gryphon Aviary
06:28 Gryphon Aviary
06:28 Gryphon Aviary
06:34 Blacksmith
08:30 Farm
War_Dancer (
yellow | 36 APM | 531 actions | 14:53)
5 Blademaster
2 Wind Walk
3 Critical Strike
» actions
| Basic commands | 1 | |
| Build / train | 39 | |
| Enter build submenu | 10 | |
| Enter hero's abilities submenu | 4 | |
| Right click | 254 | |
| Select / deselect | 195 | |
| Use ability | 28 | |
531 total
» units
» upgrades
| Ranged Weapons | 2 | |
| Armor | 1 | |
| Envenomed Spears | 1 | |
4 total
» buildings
| Altar of Storms | 1 | |
| Orc Burrow | 4 | |
| Stronghold | 1 | |
| War Mill | 1 | |
| Beastiary | 2 | |
| Voodoo Lounge | 1 | |
| Fortress | 1 | |
11 total
» build order
00:08 Altar of Storms
00:11 Orc Burrow
02:05 Stronghold
02:09 War Mill
02:29 Orc Burrow
03:36 Orc Burrow
04:31 Beastiary
04:33 Beastiary
05:14 Orc Burrow
07:11 Voodoo Lounge
10:56 Fortress
» items

»
cb7yrs (
teal | 68 APM | 1118 actions | 16:31)
5 Dark Ranger
3 Black Arrow
2 Silence
3 Tauren Chieftain
1 War Stomp
2 Endurance Aura
1 Blademaster
1 Wind Walk
» actions
| Assign group hotkey | 24 | |
| Basic commands | 3 | |
| Build / train | 63 | |
| ESC pressed | 3 | |
| Enter build submenu | 21 | |
| Enter hero's abilities submenu | 9 | |
| Give item / drop item | 2 | |
| Remove unit from queue | 1 | |
| Right click | 575 | |
| Select / deselect | 248 | |
| Select group hotkey | 109 | |
| Use ability | 60 | |
1118 total
» units
| Peon | 11 | |
| Troll Headhunter/Berserker | 12 | |
| Shaman | 6 | |
| Tauren | 4 | |
| Troll Batrider | 1 | |
| Wind Rider | 1 | |
35 total
» upgrades
| Ranged Weapons | 1 | |
| Troll Regeneration | 1 | |
| Armor | 2 | |
| Shaman Training | 2 | |
| Berserker Upgrade | 1 | |
7 total
» buildings
| War Mill | 2 | |
| Orc Burrow | 7 | |
| Barracks | 1 | |
| Altar of Storms | 2 | |
| Stronghold | 1 | |
| Voodoo Lounge | 1 | |
| Fortress | 3 | |
| Spirit Lodge | 1 | |
| Tauren Totem | 2 | |
20 total
» build order
00:45 War Mill
00:49 Orc Burrow
00:52 Orc Burrow
01:13 Barracks
01:52 Altar of Storms
03:31 Stronghold
04:08 Orc Burrow
04:14 Voodoo Lounge
05:13 Orc Burrow
06:09 Fortress
06:10 Fortress
06:11 Spirit Lodge
07:39 Orc Burrow
08:50 Tauren Totem
08:52 Tauren Totem
10:31 War Mill
11:01 Orc Burrow
14:22 Altar of Storms
15:59 Orc Burrow
gila14 (
green | 18 APM | 301 actions | 16:40)
2 Death Knight
1 Unholy Aura
1 Death Coil
» actions
| Assign group hotkey | 3 | |
| Basic commands | 82 | |
| Build / train | 34 | |
| Enter build submenu | 8 | |
| Enter hero's abilities submenu | 2 | |
| Right click | 21 | |
| Select / deselect | 111 | |
| Select group hotkey | 19 | |
| Use ability | 21 | |
301 total
» units
| Acolyte | 16 | |
| Ghoul | 4 | |
| Crypt Fiend | 6 | |
26 total
» upgrades
| Reinforced Defenses | 1 | |
| Spiked Barricades | 1 | |
2 total
» buildings
| Crypt | 1 | |
| Graveyard | 1 | |
| Ziggurat | 5 | |
| Altar of Darkness | 1 | |
| Spirit Tower | 3 | |
11 total
» build order
00:18 Crypt
00:24 Graveyard
00:43 Ziggurat
01:08 Altar of Darkness
01:56 Ziggurat
04:08 Ziggurat
05:33 Spirit Tower
06:09 Spirit Tower
06:22 Spirit Tower
10:32 Ziggurat
10:39 Ziggurat
Chat log
(00:31 / Allies) PlayLegitOrGTFO: hi
(00:33 / All) PlayLegitOrGTFO: gl hf
(00:35 / Allies) Source: hey
(00:35 / Allies) 3231: Hello
(00:37 / All) 3231: gl hf
(00:44 / Allies) PlayLegitOrGTFO: units?
(00:52 / Allies) 3231: I got aa
(01:01 / Allies) PlayLegitOrGTFO: Blue, what hero/units?
(01:04 / Allies) Source: k i'll go melee shamon
(01:12 / Allies) Source: um.. bm to sh to tc
(01:12 / Allies) PlayLegitOrGTFO: I'll go bm wind riders then
(01:19 / Allies) 3231: k make a few early grunts
(01:21 / Allies) 3231: in case they rush
(01:24 / Allies) PlayLegitOrGTFO: For sure.
(01:27 / Allies) PlayLegitOrGTFO: Ima creep too
(01:33 / Allies) 3231: Just saying since a lot of people straight tech with nothing else lol
(03:05 / Allies) PlayLegitOrGTFO: send heros
(03:06 / All) gila14: repair
(03:41 / Allies) Source: whew
(03:42 / All) gila14: gawdan you are dumb
(03:57 / Allies) PlayLegitOrGTFO: lets ahrass
(04:08 / All) Source: k omw
(04:10 / Allies) PlayLegitOrGTFO: purp check for towers
(04:17 / All) Source: blah ally chat i ment to say that in
(05:00 / Allies) PlayLegitOrGTFO: out
(05:20 / Allies) PlayLegitOrGTFO: nice waste of their tp
(05:46 / Allies) PlayLegitOrGTFO: burrow
(06:06 / Allies) PlayLegitOrGTFO: lol
(07:10 / Allies) PlayLegitOrGTFO: ok dont waste resource on that
(07:13 / Allies) PlayLegitOrGTFO: they can walk around....
(07:15 / Allies) PlayLegitOrGTFO: just build plz
(08:26 / Allies) PlayLegitOrGTFO: wind riders for yellow, caster melee for teal
(09:13 / Allies) PlayLegitOrGTFO: use copters
(09:57 / Allies) PlayLegitOrGTFO: whos aa?
(10:05 / Allies) PlayLegitOrGTFO: bring
(10:27 / Allies) PlayLegitOrGTFO: either be creeping or harassing
(10:36 / Allies) 3231: I've been harassing green
(10:43 / Allies) PlayLegitOrGTFO: i know you have
(11:13 / Allies) 3231: got his mine
(14:18 / Allies) Source: i have no aa
(16:00 / Allies) PlayLegitOrGTFO: help